NCAA
PROVIDENCE FRIARS @ OKLAHOMA SOONERS
04/01/2028
 
TOP OF THE 1ST
Providence Friars batting - Pitching for Oklahoma Sooners : LHP Craig Grant
Pitching: LHP Craig Grant
Batting: LHB Brian Easdale 0-0: Ball
1-0: Called Strike
1-1: Ball
2-1: Foul Ball, location: 2F
2-2: Ball
3-2: Strikes out swinging
Batting: SHB Esteban Aliaga 0-0: Ball
1-0: Called Strike
1-1: Called Strike
1-2: Ground out 5-3 (Groundball, 56S)
Batting: RHB Marcus Pittman 0-0: Called Strike
0-1: Called Strike
0-2: Strikes out swinging
Top of the 1st over - 0 run(s), 0 hit(s), 0 error(s), 0 left on base; Providence 0 - Oklahoma 0
BOTTOM OF THE 1ST
Oklahoma Sooners batting - Pitching for Providence Friars : LHP Charlie Black
Pitching: LHP Charlie Black
Batting: SHB José Rojas 0-0: Ball
1-0: Ball
2-0: Foul Ball, location: 2F
2-1: Fly out, F8 (Flyball, 8RS)
Batting: SHB Allen King 0-0: Called Strike
0-1: Ball
1-1: Foul Ball, location: 2F
1-2: Ground out 6-3 (Groundball, 6)
Batting: RHB Rafael Barajas 0-0: Called Strike
0-1: Foul Ball, location: 2F
0-2: Ball
1-2: Ball
2-2: Strikes out swinging
Bottom of the 1st over - 0 run(s), 0 hit(s), 0 error(s), 0 left on base; Providence 0 - Oklahoma 0
TOP OF THE 2ND
Providence Friars batting - Pitching for Oklahoma Sooners : LHP Craig Grant
Batting: RHB Miguel Sánchez 0-0: Foul Ball, location: 2F
0-1: Ball
1-1: Ground out 4-3 (Groundball, 4)
Batting: LHB Javier Morales 0-0: Ball
1-0: Ball
2-0: Ball
3-0: Base on Balls
Batting: RHB Gonzalo García 0-0: Called Strike
0-1: Ball
1-1: Grounds into double play, 4-6-3 (Groundball, 4)
Top of the 2nd over - 0 run(s), 0 hit(s), 0 error(s), 0 left on base; Providence 0 - Oklahoma 0
BOTTOM OF THE 2ND
Oklahoma Sooners batting - Pitching for Providence Friars : LHP Charlie Black
Batting: RHB Albert Morán 0-0: Called Strike
0-1: Ball
1-1: Called Strike
1-2: Strikes out swinging
Batting: RHB Bryant Caldwell 0-0: Ground out 1-3 (Groundball, P)
Batting: LHB Pancho Sardiña 0-0: Called Strike
0-1: Ball
1-1: Foul Ball, location: 2F
1-2: Fly out, F9 (Flyball, 9S)
Bottom of the 2nd over - 0 run(s), 0 hit(s), 0 error(s), 0 left on base; Providence 0 - Oklahoma 0
TOP OF THE 3RD
Providence Friars batting - Pitching for Oklahoma Sooners : LHP Craig Grant
Batting: RHB Héctor Cruz 0-0: Called Strike
0-1: Ball
1-1: Swinging Strike
1-2: SINGLE (Line Drive, 89S)
Batting: RHB Gustavo Todd 0-0: Ball
1-0: Foul Ball, location: 2F
1-1: Swinging Strike
1-2: Fly out, F6 (Line Drive, 6)
Batting: RHB Roger Tucker 0-0: Called Strike
0-1: Called Strike
0-2: Strikes out swinging
Batting: LHB Brian Easdale 0-0: Ball
1-0: Fly out, F3 (Popup, 34S)
Top of the 3rd over - 0 run(s), 1 hit(s), 0 error(s), 1 left on base; Providence 0 - Oklahoma 0
BOTTOM OF THE 3RD
Oklahoma Sooners batting - Pitching for Providence Friars : LHP Charlie Black
Batting: LHB Mark Watson 0-0: Ball
1-0: Ball
2-0: Fly out, F8 (Line Drive, 8LM)
Batting: RHB Elliott Crouch 0-0: Called Strike
0-1: Swinging Strike
0-2: Ball
1-2: Strikes out looking
Batting: RHB Ambrosio Hernández 0-0: Fly out, F8 (Flyball, 78M)
Bottom of the 3rd over - 0 run(s), 0 hit(s), 0 error(s), 0 left on base; Providence 0 - Oklahoma 0
TOP OF THE 4TH
Providence Friars batting - Pitching for Oklahoma Sooners : LHP Craig Grant
Batting: SHB Esteban Aliaga 0-0: Foul Ball, location: 2F
0-1: Swinging Strike
0-2: Ball
1-2: Strikes out looking
Batting: RHB Marcus Pittman 0-0: SINGLE (Line Drive, 4M)
Batting: RHB Miguel Sánchez 0-0: Ball
1-0: Swinging Strike
1-1: Called Strike
1-2: Ball
2-2: Strikes out looking
Batting: LHB Javier Morales 0-0: Ball
1-0: Foul Ball, location: 2F
1-1: Fielders Choice at 2nd, 4-6 (Groundball, 4D)
Top of the 4th over - 0 run(s), 1 hit(s), 0 error(s), 0 left on base; Providence 0 - Oklahoma 0
BOTTOM OF THE 4TH
Oklahoma Sooners batting - Pitching for Providence Friars : LHP Charlie Black
Batting: SHB José Rojas 0-0: Called Strike
0-1: Foul Ball, location: 2F
0-2: Ball
1-2: Ball
2-2: Foul Ball, location: 2F
2-2: Ball
3-2: Base on Balls
Batting: SHB Allen King 0-0: Swinging Strike
0-1: Ball
1-1: Swinging Strike
1-2: Ground out 6-3 (Groundball, 6)
José Rojas to second
Batting: RHB Rafael Barajas 0-0: Called Strike
0-1: Foul Ball, location: 2F
0-2: Strikes out looking
Batting: RHB Albert Morán 0-0: Fly out, F9 (Flyball, 9S)
Bottom of the 4th over - 0 run(s), 0 hit(s), 0 error(s), 1 left on base; Providence 0 - Oklahoma 0
TOP OF THE 5TH
Providence Friars batting - Pitching for Oklahoma Sooners : LHP Craig Grant
Batting: RHB Gonzalo García 0-0: Called Strike
0-1: Ball
1-1: Ball
2-1: Ball
3-1: Foul Ball, location: 2F
3-2: Strikes out swinging
Batting: RHB Héctor Cruz 0-0: Swinging Strike
0-1: Foul Ball, location: 2F
0-2: Ball
1-2: Fly out, F9 (Flyball, 9S)
Batting: RHB Gustavo Todd 0-0: Foul Ball, location: 2F
0-1: Ball
1-1: Ball
2-1: Called Strike
2-2: DOUBLE (Flyball, 78D)
Batting: RHB Roger Tucker 0-0: Foul Ball, location: 2F
0-1: Ball
1-1: Ball
2-1: Ball
3-1: Base on Balls
Batting: LHB Brian Easdale 0-0: Fly out, F7 (Flyball, 7S)
Top of the 5th over - 0 run(s), 1 hit(s), 0 error(s), 2 left on base; Providence 0 - Oklahoma 0
BOTTOM OF THE 5TH
Oklahoma Sooners batting - Pitching for Providence Friars : LHP Charlie Black
Batting: RHB Bryant Caldwell 0-0: Ground out 5-3 (Groundball, 56)
Batting: LHB Pancho Sardiña 0-0: Ball
1-0: Ball
2-0: Ball
3-0: Base on Balls
Batting: LHB Mark Watson 0-0: Called Strike
0-1: Foul Ball, location: 2F
0-2: Foul Ball, location: 2F
0-2: Foul Ball, location: 2F
0-2: Ball
1-2: Ball
2-2: Ball
3-2: Strikes out swinging
Batting: RHB Elliott Crouch 0-0: Ball
1-0: Ball
2-0: Called Strike
2-1: Ball
3-1: Base on Balls
Pancho Sardiña to second
Batting: RHB Ambrosio Hernández 0-0: Ball
1-0: Called Strike
1-1: Swinging Strike
1-2: Strikes out swinging
Bottom of the 5th over - 0 run(s), 0 hit(s), 0 error(s), 2 left on base; Providence 0 - Oklahoma 0
TOP OF THE 6TH
Providence Friars batting - Pitching for Oklahoma Sooners : LHP Craig Grant
Batting: SHB Esteban Aliaga 0-0: Ball
1-0: Called Strike
1-1: Foul Ball, location: 2F
1-2: Strikes out looking
Batting: RHB Marcus Pittman 0-0: Ball
1-0: SINGLE (Groundball, 4MD)
Batting: RHB Miguel Sánchez 0-0: Ball
1-0: Foul Ball, location: 2F
1-1: Ball
Wild Pitch!
Marcus Pittman to second
2-1: Intentional Walk
Pitching: RHP Valentín Pérez
Batting: LHB Javier Morales 0-0: Ball
1-0: Ball
2-0: Ball
3-0: Called Strike
3-1: Fly out, F9 (Line Drive, 89M)
Batting: RHB Gonzalo García 0-0: Foul Ball, location: 2F
0-1: Ball
1-1: Ball
2-1: Ball
3-1: Called Strike
3-2: Foul Ball, location: 2F
3-2: Strikes out swinging
Top of the 6th over - 0 run(s), 1 hit(s), 0 error(s), 2 left on base; Providence 0 - Oklahoma 0
BOTTOM OF THE 6TH
Oklahoma Sooners batting - Pitching for Providence Friars : LHP Charlie Black
Batting: SHB José Rojas 0-0: Called Strike
0-1: Ground out 6-3 (Groundball, 6)
Batting: SHB Allen King 0-0: Called Strike
0-1: Ball
1-1: Swinging Strike
1-2: Strikes out swinging
Batting: RHB Rafael Barajas 0-0: Called Strike
0-1: Ball
1-1: Ball
2-1: Foul Ball, location: 2F
2-2: Ball
3-2: SINGLE (Line Drive, 4D)
Batting: RHB Albert Morán 0-0: Ball
1-0: Called Strike
1-1: Ball
2-1: Foul Ball, location: 2F
2-2: Ground out 5-3 (Groundball, 5S)
Bottom of the 6th over - 0 run(s), 1 hit(s), 0 error(s), 1 left on base; Providence 0 - Oklahoma 0
TOP OF THE 7TH
Providence Friars batting - Pitching for Oklahoma Sooners : RHP Valentín Pérez
Batting: RHB Héctor Cruz 0-0: Called Strike
0-1: Swinging Strike
0-2: Ball
1-2: Ball
2-2: Foul Ball, location: 2F
2-2: Ball
3-2: Foul Ball, location: 2F
3-2: Base on Balls
Batting: RHB Gustavo Todd 0-0: Bunted foul
0-1: Bunted foul
0-2: Ball
1-2: SINGLE (Line Drive, 8RM)
Héctor Cruz to second
Pinch Hitting: RHB Nick Louviere 0-0: Called Strike
0-1: Ball
1-1: Bunted foul
1-2: Fly out, F9 (Flyball, 9S)
Pitching: LHP Armando Durán
Batting: LHB Brian Easdale 0-0: Called Strike
0-1: Fly out, F7 (Flyball, 78M)
Pitching: RHP Neil Adams
Batting: SHB Esteban Aliaga 0-0: Called Strike
0-1: 3-RUN HOME RUN (Line Drive, 9D), Distance : 374 ft
Batting: RHB Marcus Pittman 0-0: Ball
1-0: Ball
2-0: Swinging Strike
2-1: Foul Ball, location: 2F
2-2: Ball
3-2: Strikes out swinging
Top of the 7th over - 3 run(s), 2 hit(s), 0 error(s), 0 left on base; Providence 3 - Oklahoma 0
BOTTOM OF THE 7TH
Oklahoma Sooners batting - Pitching for Providence Friars : LHP Charlie Black
Pitching: RHP José Hernández
Now at 3B: Nick Louviere
Batting: RHB Bryant Caldwell 0-0: Ball
1-0: Called Strike
1-1: SINGLE (Groundball, 6MD)
Batting: LHB Pancho Sardiña 0-0: Swinging Strike
0-1: Ball
1-1: Ground out 4-3 (Groundball, 34D)
Bryant Caldwell to second
Batting: LHB Mark Watson 0-0: Ball
1-0: Called Strike
1-1: Ball
2-1: Ball
3-1: Base on Balls
Batting: RHB Elliott Crouch 0-0: Called Strike
0-1: Ball
1-1: Ball
2-1: Foul Ball, location: 2F
2-2: Ball
3-2: Foul Ball, location: 2F
3-2: Strikes out looking
Batting: RHB Ambrosio Hernández 0-0: DOUBLE (Line Drive, 7)
Bryant Caldwell scores
Mark Watson to third
Runner from 3rd tries for Home, SAFE, no throw
Pitching: RHP Tim Forrest
Batting: SHB José Rojas 0-0: Called Strike
0-1: Ball
1-1: Ground out 6-3 (Groundball, 6)
Bottom of the 7th over - 2 run(s), 2 hit(s), 0 error(s), 1 left on base; Providence 3 - Oklahoma 2
TOP OF THE 8TH
Providence Friars batting - Pitching for Oklahoma Sooners : RHP Neil Adams
Batting: RHB Miguel Sánchez 0-0: Ball
1-0: Called Strike
1-1: Called Strike
1-2: Strikes out swinging
Batting: LHB Javier Morales 0-0: Ball
1-0: Called Strike
1-1: Ball
2-1: Fly out, F9 (Flyball, 9)
Batting: RHB Gonzalo García 0-0: Ball
1-0: Swinging Strike
1-1: Fly out, F7 (Flyball, 7S)
Top of the 8th over - 0 run(s), 0 hit(s), 0 error(s), 0 left on base; Providence 3 - Oklahoma 2
BOTTOM OF THE 8TH
Oklahoma Sooners batting - Pitching for Providence Friars : RHP Tim Forrest
Now at C: Daniel Riddle
Batting: SHB Allen King 0-0: Foul Ball, location: 2F
0-1: Fly out, F8 (Flyball, 8RM)
Batting: RHB Rafael Barajas 0-0: Foul Ball, location: 2F
0-1: Fly out, F8 (Flyball, 8RM)
Batting: RHB Albert Morán 0-0: Called Strike
0-1: Swinging Strike
0-2: Ball
1-2: Strikes out swinging
Bottom of the 8th over - 0 run(s), 0 hit(s), 0 error(s), 0 left on base; Providence 3 - Oklahoma 2
TOP OF THE 9TH
Providence Friars batting - Pitching for Oklahoma Sooners : RHP Neil Adams
Pitching: RHP Andrew McCarthy
Batting: RHB Héctor Cruz 0-0: Called Strike
0-1: Ball
1-1: Called Strike
1-2: Ground out 5-3 (Groundball, 56)
Batting: RHB Gustavo Todd 0-0: Ball
1-0: Called Strike
1-1: Ball
2-1: Ball
3-1: Base on Balls
Batting: RHB Nick Louviere 0-0: Swinging Strike
0-1: Foul Ball, location: 2F
0-2: Ball
1-2: Foul Ball, location: 2F
1-2: Strikes out swinging
Batting: LHB Brian Easdale 0-0: Called Strike
Gustavo Todd is caught stealing 2nd base
Top of the 9th over - 0 run(s), 0 hit(s), 0 error(s), 0 left on base; Providence 3 - Oklahoma 2
BOTTOM OF THE 9TH
Oklahoma Sooners batting - Pitching for Providence Friars : RHP Tim Forrest
Pitching: RHP Joe Canó
Batting: RHB Bryant Caldwell 0-0: Ball
1-0: Called Strike
1-1: Foul Ball, location: 2F
1-2: Ball
2-2: Strikes out swinging
Pinch Hitting: RHB Andrés Macíal 0-0: Ball
1-0: Foul Ball, location: 2F
1-1: Foul Ball, location: 2F
1-2: Strikes out swinging
Batting: LHB Mark Watson 0-0: Ball
1-0: Ball
2-0: Called Strike
2-1: Foul Ball, location: 2F
2-2: Strikes out swinging
Bottom of the 9th over - 0 run(s), 0 hit(s), 0 error(s), 0 left on base; Providence 3 - Oklahoma 2
Tuesday, August 8th, 2017 - OOTP Baseball 17.12 Build 75